 Dungeon Crawl Stone Soup version 0.22-a0-283-g1871b15 (webtiles) character file.

76 tidbits the Insei (level 4, 34/34 HPs)
             Began as a Gnoll Transmuter on Mar 18, 2018.
             Quit the game on level 3 of the Dungeon.
             The game lasted 00:04:00 (452 turns).

tidbits the Insei (Gnoll Transmuter)                 Turns: 452, Time: 00:04:00

Health: 34/34      AC:  2    Str: 12    XL:     4   Next: 32%
Magic:  10/11      EV: 15    Int: 16    God:
Gold:   42         SH:  0    Dex: 16    Spells: 7/13 levels left

rFire    . . .     SeeInvis .     - Unarmed
rCold    . . .     Gourm    .   (no shield)
rNeg     . . .     Faith    .   b - +0 robe
rPois    +         Spirit   .   (no helmet)
rElec    .         Reflect  .   (no cloak)
rCorr    .         Harm     .   (no gloves)
MR       .....                  (no boots)
Stlth    ++........             (no amulet)
HPRegen  0.11/turn              P - ring of poison resistance
MPRegen  0.12/turn              (no ring)

@: no status effects
A: distributed training, fangs 1, strong nose
a: no special abilities


You were on level 3 of the Dungeon.
You were not hungry.

You visited 1 branch of the dungeon, and saw 3 of its levels.

You collected 42 gold pieces.

Inventory:

Hand Weapons
 e - a +0 dagger
Missiles
 a - 12 arrows
 n - a throwing net (quivered) {!f}
Armour
 b - a +0 robe (worn)
Jewellery
 P - a ring of poison resistance (left hand)
   (You found it on level 3 of the Dungeon)
Scrolls
 c - 2 scrolls of teleportation {unknown}
 f - a scroll of identify {unknown}
 g - a scroll of blinking {unknown}
Comestibles
 d - a ration


   Skills:
 + Level 2.7 Fighting
 + Level 1.1 Short Blades
 + Level 1.1 Long Blades
 + Level 1.1 Axes
 + Level 1.1 Maces & Flails
 + Level 1.1 Polearms
 + Level 1.1 Staves
 + Level 1.1 Slings
 + Level 1.1 Bows
 + Level 1.1 Crossbows
 + Level 1.1 Throwing
 + Level 1.1 Armour
 + Level 4.6 Dodging
 + Level 1.1 Stealth
 + Level 1.1 Shields
 + Level 6.6 Unarmed Combat
 + Level 5.0 Spellcasting
 + Level 0.8 Conjurations
 + Level 0.8 Hexes
 + Level 0.8 Charms
 + Level 0.8 Summonings
 + Level 0.8 Necromancy
 + Level 0.8 Translocations
 + Level 3.8 Transmutations
 + Level 0.8 Fire Magic
 + Level 0.8 Ice Magic
 + Level 0.8 Air Magic
 + Level 0.8 Earth Magic
 + Level 0.8 Poison Magic
 + Level 1.2 Invocations
 + Level 1.1 Evocations


You had 7 spell levels left.
You knew the following spells:

 Your Spells              Type           Power        Failure   Level  Hunger
e - Beastly Appendage     Tmut           ###...       3%          1    None
k - Sticks to Snakes      Tmut           ###.....     4%          2    #......
p - Spider Form           Tmut/Pois      ##........   17%         3    ###....


Dungeon Overview and Level Annotations

Branches:
Dungeon (3/15)

Altars:
Fedhas
Qazlal


Innate Abilities, Weirdness & Mutations

Your experience applies equally to all skills.
You have very sharp teeth.
Your uncanny sense of smell can sniff out nearby items.


Message History

You kill the rat!
You see here a rat corpse.
Found 10 gold pieces.
You hear the slow rusting of a distant drain.
You see here 10 gold pieces.
You now have 42 gold pieces (gained 10).
Your transformation is almost over.
Found a runed sapphire ring.
A hobgoblin comes into view. It is wielding a club.
The hobgoblin shouts!
You barely miss the hobgoblin.
Your transformation has ended.
Your +0 robe unmelds from your body.
The hobgoblin barely misses you.
Casting: Spider Form (safe; 17% risk of failure)
Confirm with . or Enter, or press ? or * to list all spells.
Okay, then.
Casting: Spider Form (safe; 17% risk of failure)
Confirm with . or Enter, or press ? or * to list all spells.
You turn into a venomous arachnid creature.
Your +0 robe melds into your body.
The hobgoblin closely misses you.
You hit the hobgoblin.
The hobgoblin is lightly wounded.
The hobgoblin completely misses you.
You barely miss the hobgoblin.
The hobgoblin is lightly wounded.
The hobgoblin misses you.
You hit the hobgoblin.
The hobgoblin is moderately wounded.
You bite the hobgoblin!
You kill the hobgoblin!
Things that are here:
a club; a runed sapphire ring; a hobgoblin corpse
h - a runed sapphire ring Put on which piece of jewellery? (? for menu, Esc to quit)
h - a ring of poison resistance (left front leg) Adjust (i)tems, (s)pells, or (a)bilities?
Adjust which item? (? for menu, Esc to quit)
Okay, then.
Unknown command.
Adjust (i)tems, (s)pells, or (a)bilities?
Adjust which item? (? for menu, Esc to quit)
h - a ring of poison resistance (left front leg) Adjust to which letter? (? for menu, Esc to quit)
P - a ring of poison resistance (left front leg)
Things that are here:
a club; a hobgoblin corpse
Found a stone staircase leading up.
Your transformation is almost over.
There is a stone staircase leading up here.
You climb upwards.
There is a stone staircase leading down here.
Unknown command.
Found a quarterstaff.
Your transformation has ended.
Your +0 robe unmelds from your body.
There is a stone staircase leading down here.
You climb downwards.
You hear the sound of rushing water.
There is an entrance to a sewer on this level.
Hurry and find it before the portal rusts away!
There is a stone staircase leading up here.
You hear the slow rusting of a very distant drain.
Unknown command.
You enter a teleport trap!
The teleport trap disappears.
Your surroundings suddenly seem different.
Unknown command.
A frilled lizard comes into view.
The frilled lizard hisses angrily.
A leopard gecko comes into view.
The leopard gecko hisses angrily.
Casting: Spider Form (safe; 17% risk of failure)
Confirm with . or Enter, or press ? or * to list all spells.
You turn into a venomous arachnid creature.
Your +0 robe melds into your body.
You closely miss the frilled lizard.
The frilled lizard completely misses you.
You hit the frilled lizard.
You kill the frilled lizard!
You hit the leopard gecko.
The leopard gecko is poisoned.
The leopard gecko is lightly wounded.
The leopard gecko completely misses you. x2
You bite the leopard gecko!
You kill the leopard gecko!
You see here a frilled lizard corpse.
Your transformation is almost over.
A giant cockroach comes into view.
Your transformation has ended.
Your +0 robe unmelds from your body.
Unknown command.
Unknown command.
Found a ring mail.
An orc wizard comes into view. It is wielding a dagger.
The orc wizard shouts!
An orc comes into view. It is wielding a war axe.
A hobgoblin comes into view. It is wielding a club.
The orc wizard gestures wildly while chanting.
The orc wizard seems to speed up.
The orc shouts!
Unknown command.
Are you sure you want to abandon this character and quit the game? (Confirm with "yes".)

≈≈≈≈≈≈≈ ..... ... .
≈≈≈≈≈≈≈ #.#g. #.. .
≈≈≈≈≈.≈≈≈ ..o..#... .#
.≈≈≈≈_≈≈≈≈ #.#...#.# #.#
≈≈≈≈≈♣♣≈≈≈ #..o........
.≈≈≈≈r≈≈≈≈ #..[....#.#
∆.≈≈≈≈≈≈≈≈≈ #........#
≈≈≈≈≈≈≈≈≈≈ #......@#
≈≈≈≈..≈.≈≈ ###.....##
.≈.≈.....≈ #......#
.....#.## .......#.#
###..#.##
######.#.#########......
#...................
......#.....>..<(.#..##
#######.#######.†....#
#.# #####.##


You could see an orc wizard, an orc and a hobgoblin (wandering).

Vanquished Creatures
  A worker ant (D:3)
  2 adders
  An ooze (D:2)
  A leopard gecko (D:3)
  5 bats
  3 hobgoblins
  4 jackals (D:3)
  3 frilled lizards
  3 goblins
  3 kobolds
  2 rats
28 creatures vanquished.

Notes
Turn   | Place    | Note
-------+----------+-------------------------------------------
     0 | D:1      | tidbits the Gnoll Transmuter began the quest for the Orb.
     0 | D:1      | Reached XP level 1. HP: 17/17 MP: 6/6
   102 | D:1      | Reached XP level 2. HP: 20/23 MP: 5/7
   106 | D:1      | Learned a level 2 spell: Sticks to Snakes
   222 | D:2      | Reached XP level 3. HP: 16/28 MP: 9/9
   226 | D:2      | Reached skill level 5 in Spellcasting
   231 | D:2      | Learned a level 3 spell: Spider Form
   255 | D:3      | Reached skill level 1 in Short Blades
   255 | D:3      | Reached skill level 1 in Long Blades
   255 | D:3      | Reached skill level 1 in Axes
   255 | D:3      | Reached skill level 1 in Maces & Flails
   255 | D:3      | Reached skill level 1 in Polearms
   255 | D:3      | Reached skill level 1 in Staves
   255 | D:3      | Reached skill level 1 in Slings
   255 | D:3      | Reached skill level 1 in Bows
   255 | D:3      | Reached skill level 1 in Crossbows
   255 | D:3      | Reached skill level 1 in Throwing
   255 | D:3      | Reached skill level 1 in Armour
   255 | D:3      | Reached skill level 1 in Stealth
   255 | D:3      | Reached skill level 1 in Shields
   255 | D:3      | Reached skill level 1 in Invocations
   255 | D:3      | Reached skill level 1 in Evocations
   260 | D:3      | Reached XP level 4. HP: 16/34 MP: 8/11
   275 | D:3      | Found a faded altar of an unknown god.
   290 | D:3      | Found a stormy altar of Qazlal.
   336 | D:3      | Found a blossoming altar of Fedhas.
   452 | D:3      | Quit the game

Vault maps used:
D:1:      dpeg_arrival_long_road
D:2:      chequers_temple_overflow_statue_of_worship, overflow_temple_1_default,
          uniq_natasha, uniq_crazy_yiuf_cottage
D:3:      grunt_qazlal_clouds, cheibrodos_sewer_entry_bend,
          chequers_ecumenical_altar_island, fedhas_altar_1, uniq_sigmund,
          uniq_ijyb, uniq_robin

Skill      XL: |  1  2  3 |
---------------+----------+-----
Spellcasting   | 5 |  5.0
Short Blades   | 1 |  1.1
Long Blades    | 1 |  1.1
Axes           | 1 |  1.1
Maces & Flails | 1 |  1.1
Polearms       | 1 |  1.1
Staves         | 1 |  1.1
Slings         | 1 |  1.1
Bows           | 1 |  1.1
Crossbows      | 1 |  1.1
Throwing       | 1 |  1.1
Armour         | 1 |  1.1
Stealth        | 1 |  1.1
Shields        | 1 |  1.1
Invocations    | 1 |  1.2
Evocations     | 1 |  1.1
Fighting       | |  2.7
Dodging        | |  4.6
Unarmed Combat | |  6.6
Conjurations   | |  0.8
Hexes          | |  0.8
Charms         | |  0.8
Summonings     | |  0.8
Necromancy     | |  0.8
Translocations | |  0.8
Transmutations | |  3.8
Fire Magic     | |  0.8
Ice Magic      | |  0.8
Air Magic      | |  0.8
Earth Magic    | |  0.8
Poison Magic   | |  0.8

Action                   |  1- 3 |  4- 6 || total
-------------------------+-------+-------++-------
Melee: Unarmed           |    55 |    21 ||    76
       Headbutt          |     3 |       ||     3
       Kick              |     6 |       ||     6
       Bite              |     2 |       ||     2
 Cast: Beastly Appendage |     7 |       ||     7
       Spider Form       |     1 |     4 ||     5
 Stab: Sleeping          |     1 |       ||     1
Armor: Robe              |     8 |       ||     8
Dodge: Dodged            |    45 |    16 ||    61

Table legend:
 A = Spawn XP
 B = Non-spawn XP
 C = Spawn XP percentage of total XP
 D = Spawn monster count
 E = Non-spawn monster count
 F = Spawn count percentage of total count
 G = Total turns spent on level
                    A         B        C        D         E        F      G
               +---------+---------+-------+---------+---------+-------+---------
         Total |       0 |     109 |   0.0 |       0 |      28 |   0.0 |   452
               +---------+---------+-------+---------+---------+-------+---------
           D:1 |       0 |      15 |   0.0 |       0 |      11 |   0.0 |   193
           D:2 |       0 |      26 |   0.0 |       0 |       5 |   0.0 |    59
           D:3 |       0 |      68 |   0.0 |       0 |      12 |   0.0 |   200
               +---------+---------+-------+---------+---------+-------+---------

Table legend:
 A = Turns spent in this place as a percentage of turns spent in the entire game.
 B = Non-inter-level travel turns spent in this place as a percentage of non-inter-level travel turns spent in the entire game.
 C = Inter-level travel turns spent in this place as a percentage of turns spent in this place.
 D = Turns resting spent in this place as a percentage of non-inter-level travel turns spent in this place.
 E = Turns spent auto-exploring this place as a percentage of non-inter-level travel turns spent in this place.
 F = Non-inter-level travel turns spent in this place divided by the number of levels of this place that you've seen.
                   A       B       C       D       E      F
               +-------+-------+-------+-------+-------+----------------------
         Total | 100.0 | 100.0 |   0.0 |   0.0 |   0.0 | 150.7
       Dungeon | 100.0 | 100.0 |   0.0 |   0.0 |   0.0 | 150.7
               +-------+-------+-------+-------+-------+----------------------

Table legend:
 A = Kills in this place as a percentage of kills in entire the game.
 B = Kills by you in this place as a percentage of kills by you in the entire game.
 C = Kills by friends in this place as a percentage of kills by friends in the entire game.
 D = Other kills in this place as a percentage of other kills in the entire game.
 E = Experience gained in this place as a percentage of experience gained in the entire game.
 F = Experience gained in this place divided by the number of levels of this place that you have seen.
                   A       B       C       D       E      F
               +-------+-------+-------+-------+-------+----------------------
         Total | 100.0 | 100.0 |   N/A |   N/A | 100.0 |  36.3
       Dungeon | 100.0 | 100.0 |   N/A |   N/A | 100.0 |  36.3
               +-------+-------+-------+-------+-------+----------------------

Vault maps used:
D:1:      dpeg_arrival_long_road
D:2:      chequers_temple_overflow_statue_of_worship, overflow_temple_1_default,
          uniq_natasha, uniq_crazy_yiuf_cottage
D:3:      grunt_qazlal_clouds, cheibrodos_sewer_entry_bend,
          chequers_ecumenical_altar_island, fedhas_altar_1, uniq_sigmund,
          uniq_ijyb, uniq_robin
